AoeStats
← Melegorth

Arabia

506795254Analyzed
1v1 RM · 18d ago on Sep 15, 2026· 36m 28s· 2 players
Game mode
Random Map
Map size
Tiny (2 player)
Population
200
Speed
Normal
Resources
Standard
Victory
Conquest
Starting age
Dark Age
Ending age
Imperial Age
RankedLock teamsTeams togetherTeam positionsShared explorationLock speedFull tech treeHidden civsTurbo modeCheats
Victory
Defeat
🇦🇺 Persians · Australia
491
+19
🇺🇸 Poles · United States
563
-19
Scotty 1652
12:56 Loom
14:54 Feudal Age
16:40 Double-Bit Axe
16:41 Horse Collar
20:40 Man-at-Arms
27:47 Forging
27:38 Scale Mail Armor
27:43 Scale Barding Armor
35:38 Castle Age
35:37 Long Swordsman
Melegorth
0:47 Loom
13:23 Feudal Age
23:10 Man-at-Arms
24:28 Double-Bit Axe
Connection lost

Rejoining the realm…

Still unreachable

The connection could not be restored.

Session expired

The server has moved on; the page needs a fresh start.